 Dungeon Crawl Stone Soup version 0.31.0-32-g396128a36d (webtiles) character file.

Game seed: 9100476817998275617

111230 Curundu the Severer (level 16, -2/151 HPs)
             Began as a Minotaur Berserker on Mar 17, 2024.
             Was the Champion of Trog.
             Slain by an alligator snapping turtle (35 damage)
             ... on level 3 of the Shoals.
             The game lasted 01:32:44 (26989 turns).

Curundu the Severer (Minotaur Berserker)           Turns: 26989, Time: 01:32:45

Health: -2/151     AC: 27    Str: 37    XL:     16   Next: 9%
Magic:  15/15      EV: 15    Int:  6    God:    Trog [******]
Gold:   1806       SH: 15    Dex: 17    Spells: 15/15 levels left

rFire   . . .        G - +7 war axe of the Assorted Artists {drain, rElec Int+3}
rCold   + + .        Q - +2 buckler
rNeg    + . .        O - +5 plate armour {rC+}
rPois   .            q - +1 hat
rElec   +            s - +2 cloak of Greater Demons {rC+ Dex+3}
rCorr   +            (no gloves)
SInv    +            (no boots)
Will    +....        a - amulet "Moenegucw" {Reflect Str+2 SH+5} Stlth
                     U - ring of resist corrosion
HPRegen 0.45/turn    D - ring "Melip" {^Drain rN+ Str+3 Dex+3 SInv}
MPRegen 0.14/turn

%: reflection
@: marked, very slow
A: horns 2, retaliatory headbutt, strong 1
a: Renounce Religion, Berserk, Trog's Hand, Brothers in Arms


You were on level 3 of the Shoals.
You worshipped Trog.
Trog was exalted by your worship.
You visited 3 branches of the dungeon, and saw 23 of its levels.
You also visited: Bailey.

You collected 2114 gold pieces.
You spent 308 gold pieces at shops.

Inventory:

Hand Weapons
 i - the +1 broad axe "Ofuasuhim" {drain, Will+ Int+4}
   (You found it on level 1 of the Shoals)

   Int+4:     It affects your intelligence (+4).
   Will+:     It increases your willpower.
 A - a +3 hand axe of flaming
 G - the +7 war axe of the Assorted Artists (weapon) {drain, rElec Int+3}
   (You found it on level 4 of the Lair of Beasts)

   Int+3:     It affects your intelligence (+3).
   rElec:     It insulates you from electricity.
 J - the +10 great mace of Excruciating Pain {freeze, *Rage rPois Int+4}
   (You found it in a bailey)

   Int+4:     It affects your intelligence (+4).
   rPois:     It protects you from poison *Rage: It berserks you when you make
   melee attacks (+20% chance).
 T - the +6 war axe of a Thousand Beds {freeze, rC- Will+++ rCorr Int-2}
   (You found it on level 14 of the Dungeon)

   Int-2:     It affects your intelligence (-2).
   rC-:       It makes you vulnerable to cold.
   Will+++:   It greatly increases your willpower.
   rCorr:     It protects you from acid and corrosion.
Missiles
 g - 2 throwing nets
 r - 20 boomerangs (quivered)
Armour
 q - a +1 hat (worn)
 s - the +2 cloak of Greater Demons (worn) {rC+ Dex+3}
   (You found it on level 4 of the Dungeon)

   Dex+3:     It affects your dexterity (+3).
   rC+:       It protects you from cold.
 O - a +5 plate armour of cold resistance (worn)
 Q - a +2 buckler (worn)
Jewellery
 a - the amulet "Moenegucw" (around neck) {Reflect Str+2 SH+5}
   (You acquired it on level 8 of the Dungeon)

   [amulet of reflection]

   Reflect:   It reflects blocked missile attacks.
   Str+2:     It affects your strength (+2).
   SH+5:      It affects your SH (+5).
 l - a ring of flight
 C - a +4 ring of protection
 D - the ring "Melip" (right hand) {^Drain rN+ Str+3 Dex+3 SInv}
   (You found it on level 12 of the Dungeon)

   [ring of see invisible]

   Str+3:     It affects your strength (+3).
   Dex+3:     It affects your dexterity (+3).
   rN+:       It protects you from negative energy.
   SInv:      It lets you see invisible.
   ^Drain:    It drains your maximum health when unequipped.
 M - the amulet of Tekial {Faith Will+ SInv}
   (You found it on level 12 of the Dungeon)

   [amulet of faith]

   Faith:     It allows you to gain divine favour quickly.
   Will+:     It increases your willpower.
   SInv:      It lets you see invisible.
 U - a ring of resist corrosion (left hand)
Wands
 o - a wand of roots (23)
 t - a wand of digging (13)
 u - a wand of acid (17)
 x - a wand of paralysis (24)
 y - a wand of polymorph (9)
 B - a wand of flame (20)
Scrolls
 f - 5 scrolls of identify
 h - 11 scrolls of teleportation
 m - 4 scrolls of revelation
 v - 4 scrolls of fear
 E - 5 scrolls of blinking
 H - a scroll of silence
 K - a scroll of fog
 N - 4 scrolls of enchant weapon
 V - a scroll of poison
Potions
 c - 10 potions of curing
 d - a potion of might
 e - 7 potions of mutation
 j - 3 potions of haste
 k - 3 potions of resistance
 n - 8 potions of heal wounds
 p - 7 potions of enlightenment
 w - 4 potions of lignification
 z - 2 potions of invisibility
 S - 3 potions of berserk rage
Miscellaneous
 I - a lightning rod (4/4)
 P - a box of beasts


   Skills:
 + Level 15.9 Fighting
 - Level 0.5 Long Blades
 + Level 18.7 Axes
 + Level 0.2 Throwing
 + Level 16.2 Armour
 * Level 11.3 Dodging
 - Level 2.3 Stealth
 * Level 15.3 Shields


You had 15 spell levels left.
You didn't know any spells.
Your spell library was empty.

Dungeon Overview and Level Annotations

Branches:
Dungeon (15/15)            Temple (0/1) D:7            Lair (5/5) D:10
 Shoals (3/4) Lair:3       Spider (0/4) Lair:3        Slime (0/5) Lair:5
    Orc (0/2) D:12         Vaults (0/5) D:14         Depths (0/4) D:15
 Bailey (visited)

Altars:
Ashenzari
Elyvilon
Fedhas
Gozag
Kikubaaqudgha
Makhleb
Ru
Wu Jian
The Shining One
Jiyva

Shops:
D:6 *   D:8 *   Shoals:2 [(**

Annotations:
D:9 1 transporter


Innate Abilities, Weirdness & Mutations

You have a pair of horns on your head.
You reflexively headbutt those who attack you in melee.
Your muscles are strong. (Str +4, Int/Dex -1)


Message History

A water nymph comes into view.
You enter the shallow water.
Moving in this stuff is going to be slow.
The dream sheep misses you.
The snapping turtle bites you from afar!
Things that are here:
a +0 spear; a merfolk corpse The dream sheep attacks as it pursues you!
You block the dream sheep's attack.
The water nymph gestures at you while chanting.
The water swirls and strikes you.
The snapping turtle attacks as it pursues you!
You block the snapping turtle's attack.
The water nymph's watery aura covers the stone staircase leading down.
The dream sheep headbutts you but does no damage.
You barely miss the dream sheep.
You headbutt the dream sheep, but do no damage.
You slice the dream sheep!! You drain the dream sheep.
You kill the dream sheep!
Trog accepts your kill. You block the snapping turtle's attack.
You slice the dream sheep!!
You kill the dream sheep!
Trog accepts your kill. The snapping turtle barely misses you.
The water nymph casts a spell at you. The water swirls and strikes you!!
* * * LOW HITPOINT WARNING * * *
You block the alligator snapping turtle's attack.
The snapping turtle closely misses you.
The water nymph gestures at you while chanting.
The water swirls and strikes you!!
* * * LOW HITPOINT WARNING * * *
Things that are here:
a +0 trident; a merfolk corpse Unknown command.
You feel much better.
A satyr comes into view. It is wielding a +0 club.
The alligator snapping turtle bites you from afar!!
You die...

###. ####... ...c.~~
~~~~~~~ ~~~~~~~ ###
.~~~~~~## ###.##
...~~~~~###...[###
~.~~~~~~m(<~~$.†.##.Y~
...~~~~~t)@~~~.....YY~
.##.$~~~t~~~~..$~~.~~~
#....~~~~~~~~~~~.~~~
#.......~~~~~~~~~~~~~
...~~~~..~~~~~~~~~~~~≈
...~~~~~~~~~~≈≈~~~~~≈≈
~~~~~~~~~~~≈≈≈≈≈≈≈≈≈≈≈
~~~~~~~~~~≈≈≈≈≈≈≈≈≈≈≈
~~~~~~≈≈≈≈≈≈≈≈≈


You could see an alligator snapping turtle, a satyr, a snapping turtle and a
water nymph.

Vanquished Creatures
  A fenstrider witch (Shoals:2)
  An ironbound preserver (D:14)
  Azrael (D:12)
  A merfolk javelineer (Shoals:1)
  2 catoblepae
  2 merfolk avatars
  6 hydras
  An ogre mage (D:15)
  5 boulder beetles
  A death knight (D:14)
  An alligator snapping turtle (Shoals:2)
  5 centaur warriors
  6 two-headed ogres
  4 death yaks (Lair:2)
  5 tengu warriors
  An occultist (D:15)
  Nergalle (D:11)
  3 skysharks
  A storm dragon skeleton (D:15)
  A sixfirhy (D:8)
  A flayed ghost (D:15)
  6 sea snakes
  3 skeletal warriors
  An arcanist (D:15)
  A glowing orange brain (D:14)
  A necromancer (D:15)
  17 harpies
  2 deep elf pyromancers
  2 oklob plants (Lair:3)
  3 manticores
  9 ugly things
  5 cyclopes
  6 meliai
  3 water nymphs
  6 merfolk sirens
  7 elephants
  Joseph (D:9)
  3 black mambas
  An unseen horror (shapeshifter) (D:14)
  5 kobold demonologists
  2 unseen horrors (D:11)
  A gargoyle (D:12)
  8 cane toads
  An efreet (D:13)
  2 rime drakes
  A freezing wraith (D:12)
  10 komodo dragons
  A yaktaur (Shoals:1)
  A tengu conjurer (D:13)
  5 trolls
  2 wind drakes
  A troll (shapeshifter) (D:11)
  Grinder (D:3)
  14 merfolk
  7 polar bears
  2 snapping turtles
  7 hornets
  5 dream sheep
  25 blink frogs
  Sigmund (D:5)
  6 slime creatures (D:12)
  3 wraiths
  A shadow (D:12)
  3 jumping spiders (Lair:3)
  5 wyverns
  12 spriggans (Lair:5)
  8 water elementals
  2 fire elementals
  2 spriggan skeletons (D:15)
  3 redbacks (Lair:3)
  4 basilisks
  53 yaks
  Eustachio (D:4)
  2 steam dragons
  13 vampire mosquitoes
  3 acid dragons
  13 water moccasins
  3 hell hounds
  An ice beast (D:7)
  A sky beast (D:6)
  A meliai simulacrum (D:15)
  3 ogres
  9 orc warriors
  4 black bears
  4 boggarts (Lair:5)
  An ogre (shapeshifter) (D:13)
  5 centaurs
  49 wolves
  2 phantoms
  10 bullfrogs
  9 kobold brigands
  2 gnoll sergeants
  A scorpion (D:7)
  7 wights
  3 electric eels
  3 howler monkeys
  A bombardier beetle (D:5)
  2 hounds (D:6)
  2 jellies
  5 orc priests
  4 sleepcaps
  2 gnoll boudas
  5 iguanas
  6 orc wizards
  Natasha (twice) (D:4)
  Terence (D:2)
  16 gnolls
  5 adders
  A shadow imp (D:8)
  13 white imps
  8 ufetubi (D:6)
  5 dart slugs
  39 orcs
  9 ball pythons
  6 endoplasms
  3 giant cockroaches
  4 goblins
  4 hobgoblins
  3 jackals (D:5)
  3 quokkas
  5 bats (D:1)
  3 frilled lizards
  30 kobolds
  9 rats
677 creatures vanquished.

Vanquished Creatures (others)
  A harpy (Shoals:1)
  A manticore (Shoals:1)
  A scorpion (D:7)
  A butterfly (Lair:2)
4 creatures vanquished.

Grand Total: 681 creatures vanquished

Notes
Turn   | Place    | Note
-------+----------+-------------------------------------------
     0 | D:1      | Curundu the Minotaur Berserker began the quest for the Orb.
     0 | D:1      | Reached XP level 1. HP: 19/19 MP: 0/0
    92 | D:1      | Reached XP level 2. HP: 26/27 MP: 1/1
   161 | D:1      | Reached skill level 4 in Axes
   311 | D:1      | Reached XP level 3. HP: 33/33 MP: 2/2
   998 | D:2      | Reached ** piety under Trog
  1165 | D:2      | Reached XP level 4. HP: 34/41 MP: 3/3
  1260 | D:2      | Noticed Terence
  1267 | D:2      | Killed Terence
  1268 | D:2      | Reached skill level 5 in Axes
  1509 | D:2      | Found a faded altar of an unknown god.
  1746 | D:3      | Noticed Grinder
  1776 | D:3      | Killed Grinder
  1777 | D:3      | Reached skill level 5 in Fighting
  1777 | D:3      | Reached skill level 6 in Axes
  1777 | D:3      | Reached skill level 1 in Stealth
  1777 | D:3      | Reached XP level 5. HP: 29/48 MP: 4/4
  1777 | D:3      | Reached XP level 6. HP: 34/56 MP: 5/5
  1922 | D:3      | Found a faded altar of an unknown god.
  2208 | D:3      | Found a blossoming altar of Fedhas.
  2547 | D:4      | Found a white marble altar of Elyvilon.
  2612 | D:4      | Found a burning altar of Makhleb.
  2631 | D:4      | Reached XP level 7. HP: 56/61 MP: 6/6
  2773 | D:4      | Noticed Natasha
  2779 | D:4      | Killed Natasha
  2780 | D:4      | Reached skill level 7 in Axes
  2820 | D:4      | Noticed Eustachio
  2832 | D:4      | Killed Eustachio
  2942 | D:4      | Identified the +2 cloak of Greater Demons {rC+ Dex+3}
  3112 | D:4      | You fall into a shaft and drop 1 floor!
  3112 | D:5      | Entered Level 5 of the Dungeon
  3148 | D:5      | Reached skill level 5 in Armour
  3441 | D:4      | Noticed Natasha
  3450 | D:4      | Killed Natasha
  3564 | D:4      | Identified the +9 quarterstaff "Ysigh" {freeze, ^Drain
                  | Str+2 Int+2}
  3668 | D:5      | Reached skill level 8 in Axes
  3671 | D:5      | Reached XP level 8. HP: 54/70 MP: 7/7
  3916 | D:5      | Noticed Sigmund
  3943 | D:5      | Killed Sigmund
  4123 | D:5      | Found a sacrificial altar of Ru.
  4729 | D:6      | Reached skill level 9 in Axes
  4952 | D:6      | Reached skill level 5 in Dodging
  5038 | D:6      | Found Aseurr's Assorted Antiques.
  5439 | D:7      | Reached XP level 9. HP: 81/81 MP: 8/8
  5505 | D:7      | Found an opulent altar of Gozag.
  5568 | D:7      | Reached *** piety under Trog
  5597 | D:7      | Found a staircase to the Ecumenical Temple.
  5777 | D:7      | Reached skill level 10 in Axes
  6374 | D:8      | Noticed a two-headed ogre
  6383 | D:8      | Killed a two-headed ogre
  6570 | D:8      | Found a runed translucent door.
  6570 | D:8      | Noticed a sixfirhy
  6599 | D:8      | Killed a sixfirhy
  6600 | D:8      | Reached skill level 11 in Axes
  6694 | D:8      | Identified a scroll of acquirement
  6694 | D:8      | Acquired the amulet "Moenegucw" {Reflect Str+2 SH+5}
  6809 | D:8      | Noticed a two-headed ogre
  6815 | D:8      | Reached XP level 10. HP: 91/91 MP: 9/9
  6834 | D:8      | Noticed a cyclops
  6835 | D:8      | Noticed a purple ugly thing
  6854 | D:8      | Killed a purple ugly thing
  6949 | D:8      | Killed a cyclops
  7498 | D:8      | Killed a two-headed ogre
  7546 | D:8      | Found Xittemyd's Assorted Antiques.
  7558 | D:8      | Reached skill level 12 in Axes
  7558 | D:8      | Reached skill level 10 in Armour
  8300 | D:9      | Found a broken altar of Ashenzari.
  9020 | D:9      | Noticed Joseph
  9035 | D:9      | Killed Joseph
  9036 | D:9      | Reached skill level 13 in Axes
  9128 | D:9      | Found a transporter.
  9316 | D:10     | Entered Level 10 of the Dungeon
  9320 | D:10     | Found an ancient bone altar of Kikubaaqudgha.
  9347 | D:10     | Reached skill level 10 in Fighting
  9353 | D:10     | Noticed a sixfirhy
  9353 | D:10     | Noticed a sun demon
  9359 | D:10     | Reached skill level 1 in Shields
  9369 | D:10     | Reached XP level 11. HP: 99/99 MP: 10/10
  9524 | D:10     | Reached **** piety under Trog
  9532 | D:10     | Found a staircase to the Lair.
  9785 | D:10     | Found a flagged portal.
  9794 | Bailey   | Entered a bailey
 10226 | Bailey   | Found an iron altar of Okawaru.
 10239 | Bailey   | Identified the +10 great mace of Excruciating Pain {freeze,
                  | *Rage rPois Int+4}
 10493 | D:10     | Found a glowing golden altar of the Shining One.
 10741 | D:11     | Reached skill level 14 in Axes
 11472 | D:11     | Noticed a cyan ugly thing
 11478 | D:11     | Killed a cyan ugly thing
 11619 | D:11     | Noticed Nergalle
 11632 | D:11     | Killed Nergalle
 11633 | D:11     | Reached skill level 15 in Axes
 11805 | D:11     | Reached XP level 12. HP: 74/110 MP: 11/11
 12113 | D:12     | Noticed a boulder beetle
 12122 | D:12     | Killed a boulder beetle
 12279 | D:12     | Noticed a boulder beetle
 12307 | D:12     | Identified the ring "Melip" {^Drain rN+ Str+3 Dex+3 SInv}
 12312 | D:12     | Killed a boulder beetle
 12369 | D:12     | Noticed Azrael
 13097 | D:12     | Killed Azrael
 13303 | D:12     | Reached skill level 5 in Shields
 13644 | D:12     | Identified the amulet of Tekial {Faith Will+ SInv}
 13871 | D:12     | Noticed a two-headed ogre
 13876 | D:12     | Killed a two-headed ogre
 13909 | D:12     | Found a white marble altar of Elyvilon.
 14014 | D:12     | Reached skill level 16 in Axes
 14109 | D:12     | Found a staircase to the Orcish Mines.
 14381 | D:13     | Noticed a centaur warrior
 14390 | D:13     | Killed a centaur warrior
 14776 | D:13     | Noticed a tengu warrior
 14794 | D:13     | Killed a tengu warrior
 14909 | D:13     | Noticed a four-headed hydra
 14917 | D:13     | Killed a one-headed hydra
 15055 | D:13     | Noticed a tengu warrior
 15074 | D:13     | Killed a tengu warrior
 15075 | D:13     | Reached XP level 13. HP: 77/119 MP: 12/12
 15204 | D:13     | Identified the +3 mace "Nec Roh" {heavy, Str+3}
 15539 | D:13     | Gained mutation: Your muscles are strong. (Str +4, Int/Dex
                  | -1) [potion of mutation]
 15675 | D:14     | Noticed an ironbound preserver
 15679 | D:14     | Found a gate to the Vaults.
 15693 | D:14     | Killed an ironbound preserver
 15830 | D:14     | Identified the +6 war axe of a Thousand Beds {freeze, rC-
                  | Will+++ rCorr Int-2}
 16740 | D:14     | Found an ornate altar of the Wu Jian Council.
 17070 | D:15     | Entered Level 15 of the Dungeon
 17088 | D:15     | Found a staircase to the Depths.
 17317 | D:15     | Reached skill level 17 in Axes
 17510 | D:15     | Reached skill level 15 in Armour
 17793 | D:15     | Reached XP level 14. HP: 125/130 MP: 13/13
 18289 | D:6      | Bought a potion of heal wounds for 140 gold pieces
 18289 | D:6      | Bought a potion of heal wounds for 140 gold pieces
 18289 | D:6      | Bought a scroll labelled ZAURGH DOUPYMM for 28 gold pieces
 18414 | Lair:1   | Entered Level 1 of the Lair of Beasts
 18673 | Lair:1   | Reached skill level 10 in Shields
 18750 | Lair:1   | Reached ***** piety under Trog
 20363 | Lair:3   | Found a hole to the Spider Nest.
 20573 | Lair:3   | Received a gift from Trog
 20835 | Lair:3   | Found a staircase to the Shoals.
 21355 | Lair:4   | Identified the +7 war axe of the Assorted Artists {drain,
                  | rElec Int+3}
 22873 | Lair:5   | Entered Level 5 of the Lair of Beasts
 22873 | Lair:5   | Found a viscous altar of Jiyva.
 22873 | Lair:5   | Found a staircase to the Slime Pits.
 22968 | Lair:5   | Found a frozen archway.
 23065 | Lair:5   | Received a gift from Trog
 23112 | Lair:5   | Reached XP level 15. HP: 134/139 MP: 14/14
 23116 | Lair:5   | Reached skill level 18 in Axes
 23159 | Lair:5   | Reached skill level 15 in Fighting
 23291 | Lair:5   | Reached skill level 10 in Dodging
 23687 | Lair:5   | Paralysed by a hornet for 3 turns
 23896 | Lair:5   | Reached ****** piety under Trog
 24596 | Shoals:1 | Entered Level 1 of the Shoals
 24599 | Shoals:1 | Identified the +1 broad axe "Ofuasuhim" {drain, Will+
                  | Int+4}
 26044 | Shoals:2 | Identified the +2 leather armour of the Lich-sworn {rElec
                  | rC+ rN+++ Str-5}
 26083 | Shoals:2 | Received a gift from Trog
 26294 | Shoals:2 | Reached skill level 15 in Shields
 26596 | Shoals:2 | Reached XP level 16. HP: 139/151 MP: 15/15
 26787 | Shoals:2 | Found Samnits's Visitors' Centre.
 26787 | Shoals:2 | Found Samnits's Merfolk Magic.
 26810 | Shoals:2 | Found Samnits's Merfolk Weapons.
 26810 | Shoals:2 | Found Samnits's Merfolk Armours.
 26988 | Shoals:3 | HP: 7/151 [water nymph/the raging water (30)]
 26989 | Shoals:3 | Slain by an alligator snapping turtle

Illustrated notes

Levels and vault maps discovered:
D:1:      psy_arrival_dodecagon, layout_loops_ring, serial_forest,
          infiniplex_forest_corner_2, infiniplex_forest_lined_4_way,
          infiniplex_forest_clump_tiny, infiniplex_forest_straight_2,
          infiniplex_forest_clump_diagonal, infiniplex_forest_lined_4_way,
          kennysheep_minor_cross, serial_bayou_pond_c
D:2:      layout_basic, hellmonk_ecumenical_altar_zigzags, uniq_terence
D:3:      layout_rooms, nicolae_overflow_ecumenical_swirl,
          fedhas_altar_fruit_tree, uniq_grinder
D:4:      layout_loops_ring, lemuel_crystal_altar, bloody_makhleb,
          uniq_eustachio, uniq_natasha
D:5:      layout_layer_cave, nicolae_ru_path_of_blood, minivault_1, uniq_sigmund
D:6:      layout_rooms, serial_shops, shop
D:7:      layout_basic, mainiacjoe_overflow_catwalk, lemuel_temple_firewalk_b
D:8:      cheibrodos_shockbox, layout_loops_ring, serial_shops,
          nicolae_inconvenience_store, minmay_joined_circles
D:9:      layout_basic, nicolae_ashenzari_panopticon, nicolae_diode_basic,
          uniq_joseph
D:10:     layout_rooms, tso_oasis_becter, nicolae_kikubaaqudgha_miasma_corner,
          dpeg_oklobed_lair, enter_bailey_8, pond
D:11:     layout_roguey, minmay_splitting_lines, uniq_nergalle
D:12:     minmay_cut_squares, layout_basic, minmay_orc_entry_temple_small,
          elyvilon_altar_3, uniq_azrael
D:13:     layout_gridville
D:14:     layout_loops_ring, hellmonk_vaults_order_and_chaos,
          kennysheep_cross_room, nicolae_wu_jian_glorious_leap
D:15:     gammafunk_depths_entry_grave, layout_loops_cross, serial_bayou_ford_a
Lair:1:   layout_regular_city, amcnicky_mini_pool_medium
Lair:2:   layout_layer_cave, lemuel_old_faithful, lemuel_fruit_fields,
          serial_bayou_shore_b, grunt_megastairs_2
Lair:3:   minmay_lair_oklob_chamber, layout_regular_city,
          minmay_shoals_entry_hut, nicolae_spider_entry_tight_spaces
Lair:4:   layout_layer_cave, nicolae_quartered_pool_little, minivault_27
Lair:5:   minmay_lair_end_enchanted_forest, layout_regular_city, slime_entry_1,
          serial_rivers, chequers_serial_rivers_large_b,
          chequers_serial_rivers_room_b, chequers_serial_rivers_micro_d,
          chequers_serial_rivers_small_b, chequers_serial_rivers_room_b,
          portal_ice_cave_entry_imps, chequers_serial_rivers_small_a,
          st_stairs_4, chequers_serial_rivers_marsh
Shoals:1: layout_shoals, nicolae_shoals_lost_giant_hut,
          nicolae_shoals_cliffside_cave, yaktaur_hedge
Shoals:2: nicolae_shoals_mermall, layout_shoals,
          nicolae_shoals_beach_house_on_fowls_legs
Shoals:3: layout_shoals, nicolae_shoals_former_cling_halls

Skill      XL: |  1  2  3  4  5  6  7  8  9 10 11 12 13 14 15 |
---------------+----------------------------------------------+-----
Fighting       | 4 5 6 7 9 10 11 12 13 14 15 | 15.9
Axes           | 4 6 8 9 11 13 15 16 17 18 | 18.7
Armour         | 3 5 6 8 10 12 14 15 16 | 16.2
Dodging        | 3 4 5 6 8 9 11 | 11.3
Stealth        | 1 2 |  2.3
Shields        | 1 3 5 9 12 15 | 15.3
Long Blades    | |  0.5
Throwing       | |  0.2

Action                     |  1- 3 |  4- 6 |  7- 9 | 10-12 | 13-15 | 16-18 || total
---------------------------+-------+-------+-------+-------+-------+-------++-------
  Melee: Hand axe          |    86 |    92 |   295 |   327 |       |       ||   800
         Headbutt          |    15 |    12 |    48 |   140 |   233 |     9 ||   457
         Punch             |     1 |     1 |     3 |    14 |       |       ||    19
         War axe           |       |       |       |   286 |   936 |    29 ||  1251
         Scimitar          |       |       |       |     5 |       |       ||     5
  Throw: Throwing net      |       |       |     1 |       |       |       ||     1
         Boomerang         |       |       |       |       |       |     2 ||     2
 Invoke: Trog's Hand       |       |     2 |     6 |    15 |    13 |     1 ||    37
         Berserk           |       |     1 |     3 |     7 |     4 |       ||    15
    Use: Scroll            |       |       |    14 |    10 |    13 |       ||    37
         Potion            |       |       |       |       |     1 |     1 ||     2
 Armour: Animal skin       |    42 |     2 |       |       |       |       ||    44
         Scale mail        |       |    58 |    18 |       |       |       ||    76
         Chain mail        |       |       |   197 |    73 |       |       ||   270
         Plate armour      |       |       |       |   507 |   650 |    38 ||  1195
  Dodge: Dodged            |    60 |    41 |   166 |   279 |   380 |    16 ||   942
  Block: Other             |       |       |       |   104 |       |       ||   104
         Reflection        |       |       |       |     5 |    28 |     3 ||    36
         Buckler           |       |       |       |       |   581 |    36 ||   617
